 Dungeon Crawl Stone Soup version 0.31-a0-83-gbff143cfd1 (webtiles) character file.

Game seed: 2010323967478660780

189 ketsa the Grave Robber (level 5, -2/35 HPs)
             Began as a Mummy Necromancer on May 24, 2023.
             Hit by a boomerang thrown by an orc (3 damage)
             ... on level 4 of the Dungeon.
             The game lasted 00:08:52 (3068 turns).

ketsa the Grave Robber (Mummy Necromancer)          Turns: 3068, Time: 00:08:52

Health: -2/35      AC:  2    Str: 12    XL:     5   Next: 40%
Magic:  2/12       EV: 12    Int: 16    God:
Gold:   205        SH:  0    Dex: 12    Spells: 9/13 levels left

rFire   x . .        h - +2 dagger (flame)
rCold   + . .        (no shield)
rNeg    + + +        a - +0 robe
rPois   ∞            (no helmet)
rElec   .            (no cloak)
rCorr   .            (no gloves)
SInv    .            (no boots)
Will    .....        (no amulet)
Stlth   ++           (no ring)
HPRegen 0.25/turn    (no ring)
MPRegen 0.13/turn

%: faith
@: no status effects
A: cold resistance 1, negative energy resistance 3, torment resistance 2, heat
vulnerability 1, in touch with death 1, no potions, faith
a: no special abilities


You were on level 4 of the Dungeon.
You visited 1 branch of the dungeon, and saw 4 of its levels.

You collected 205 gold pieces.

Inventory:

Hand Weapons
 e - a +0 short sword
 g - a +0 dagger
 h - a +2 dagger of flaming (weapon)
 q - a +0 rapier
 s - a +3 quarterstaff
Missiles
 c - 32 stones
 l - 5 poisoned darts
 p - 6 javelins
Armour
 a - a +0 robe (worn)
Jewellery
 m - an amulet of the acrobat
Scrolls
 b - a scroll of vulnerability {unknown}
 d - 4 scrolls of identify {unknown}
 f - a scroll of summoning {unknown}
 i - a scroll of enchant weapon {unknown}
 j - a scroll of silence {unknown}
 k - a scroll of enchant armour {unknown}
 n - a scroll of fear {unknown}
 o - a scroll of amnesia {unknown}
 r - a scroll of teleportation {unknown}


   Skills:
 - Level 1.5 Dodging
 - Level 3.0 Stealth
 + Level 4.6 Spellcasting
 + Level 5.1 Necromancy


You had 9 spell levels left.
You knew the following spells:

 Your Spells              Type           Power      Damage    Failure   Level
a - Necrotise             Necr           100%       1d9       1%          1
b - Vampiric Draining     Necr           30%        2d8       5%          3

Your spell library contained the following spells:

 Spells                   Type           Power      Damage    Failure   Level
 Animate Dead             Necr           30%        N/A       19%         4
 Agony                    Necr           30%        N/A       45%         5


Dungeon Overview and Level Annotations

Branches:
Dungeon (4/15)
 Temple: D:4-7

Altars:

Shops:
D:3 (


Innate Abilities, Weirdness & Mutations

You are immune to poison.
Your flesh is cold resistant. (rC+)
You are immune to negative energy. (rN+++)
You are immune to unholy pain and torment.
You are vulnerable to heat. (rF-)
You are in touch with the powers of death.
You do not drink.
You have a special connection with the divine. (Faith)


Message History

You hear a shout!
You barely miss the orc.
The orc is heavily wounded.
Your orc skeleton closely misses the orc.
Something closely misses the orc.
The orc hits you with a +0 hand axe.
The orc hits your orc wizard skeleton with a +0 flail.
The orc closely misses you.
You completely miss the orc.
The orc is heavily wounded.
Your orc wizard skeleton misses the orc.
You hear some strange, mumbled words.
A magic dart appears from out of thin air!
The magic dart hits you.
Something hits the orc.
The orc barely misses you. The orc closely misses you.
The orc hits you with a +0 mace. The orc attacks as you move away!
The orc closely misses you.
The orc hits your orc skeleton with a +0 club.
The orc hits you with a +0 flail.
Your orc wizard skeleton barely misses the orc.
You hit the orc. You burn the orc.
You kill the orc!
The orc closely misses you.
The orc hits your orc wizard skeleton but does no damage.
The orc hits your orc wizard skeleton with a +0 mace!
Casting: Necrotise (safe; 1% risk of failure)
Confirm with . or Enter, or press ? or * to list all spells.
Aiming: Necrotise (safe; 1% risk of failure)
Press: ? - help, Shift-Dir - straight line, f - orc
Aim: an orc, wielding a +0 hand axe (ally target, chance to affect: 93%)
You feel a surge of power!
The orc writhes in agony.
Your orc skeleton barely misses the orc.
Your orc wizard skeleton barely misses the orc.
The orc hits your orc wizard skeleton with a +0 hand axe.
Your orc wizard skeleton is destroyed!
The orc hits you but does no damage.
You hear some strange, mumbled words.
A magic dart appears from out of thin air!
The magic dart hits you!
* * * LOW HITPOINT WARNING * * *
The orc throws a boomerang.
The boomerang hits you.
You die...

...........# ....)......#
...........## #..
......>.###.# #...
..#<###.# #.# #....
#+#+###.# #.# ####)....
.....##.# #.# #...)....
........###'#####........
.....#####......@{.Z.....
.....+...........oo....$.
.....####........o.......
.....####................
..###.....#+#####........
..###.##..# #........
..)....[.<# #########
......#####+#
...).........


You could see 3 orcs and a friendly orc skeleton.

Vanquished Creatures
  An iguana (D:4)
  An orc wizard (D:4)
  5 adders
  A worm (D:2)
  4 dart slugs
  3 orcs (D:4)
  5 ball pythons
  4 endoplasms
  2 giant cockroaches
  12 goblins
  8 hobgoblins
  5 jackals (D:1)
  2 quokkas (D:3)
  6 bats
  3 frilled lizards
  9 kobolds
  4 rats
75 creatures vanquished.

Vanquished Creatures (collateral kills)
  A ball python (D:1)
  An endoplasm (D:2)
  A rat (D:1)
3 creatures vanquished.

Grand Total: 78 creatures vanquished

Notes
Turn   | Place    | Note
-------+----------+-------------------------------------------
     0 | D:1      | ketsa the Mummy Necromancer began the quest for the Orb.
     0 | D:1      | Reached XP level 1. HP: 13/13 MP: 4/4
   379 | D:1      | Reached XP level 2. HP: 19/19 MP: 3/6
   897 | D:1      | Gained mutation: You are in touch with the powers of death.
                  | [Mummy growth]
   897 | D:1      | Reached XP level 3. HP: 18/24 MP: 1/7
  1638 | D:2      | Reached XP level 4. HP: 30/30 MP: 6/9
  2227 | D:3      | Learned a level 3 spell: Vampiric Draining
  2370 | D:3      | Found Ofuehedgh's Weapon Emporium.
  2947 | D:4      | Reached skill level 5 in Necromancy
  2947 | D:4      | Reached XP level 5. HP: 19/35 MP: 4/11
  3068 | D:4      | HP: 1/35 [something/magic dart (10)]
  3068 | D:4      | Hit by a boomerang thrown by an orc

Illustrated notes

Levels and vault maps discovered:
D:1:      shiori_arrival_oz, layout_rooms, serial_co_window_serial,
          co_window_paths_a, co_window_corner_a, co_window_cross_1,
          co_window_corner_a, co_window_paths_b, co_window_paths_b,
          co_window_corner_a, co_window_2corner, co_window_unsneaky_path_a,
          co_window_unsneaky_path_c, co_window_4corner_b, glass_columns_a,
          glass_columns_c, glass_columns_a, glass_columns_c, glass_columns_c,
          st_stairs_3, minmay_quantized
D:2:      layout_rooms, minmay_nonomino_d4
D:3:      layout_loops_corners, serial_shops, nicolae_shop_bloodbath_and_beyond,
          corexii_corridor_pit
D:4:      layout_basic, tgw_xom, trog_wizard,
          mainiacjoe_overflow_six_doors_small, temple_fountains,
          gammafunk_ghost_split

Skill      XL: |  1  2  3  4 |
---------------+-------------+-----
Spellcasting   | 3 4 |  4.6
Stealth        | 2 3 |  3.0
Necromancy     | 5 |  5.1
Dodging        | |  1.5

Action                     |  1- 3 |  4- 6 || total
---------------------------+-------+-------++-------
  Melee: Unarmed           |    12 |       ||    12
         Punch             |     1 |       ||     1
         Dagger            |    37 |    31 ||    68
   Cast: Necrotise         |    57 |    40 ||    97
   Stab: Sleeping          |     1 |     2 ||     3
 Armour: Robe              |    14 |     8 ||    22
  Dodge: Dodged            |    36 |    35 ||    71

Table legend: (Time is in decaauts)
 A = Elapsed time spent in this place.
 B = Non-inter-level travel time spent in this place.
 C = Inter-level travel time spent in this place.
 D = Time resting spent in this place.
 E = Time spent auto-exploring this place.
 F = Levels seen in this place.
 G = Mean time per level.
                   A        B        C        D        E       F      G
               +--------+--------+--------+--------+--------+-----+--------+
         Total |   3067 |   2948 |    119 |    429 |   1834 |   4 |  766.8 |
       Dungeon |   3067 |   2948 |    119 |    429 |   1834 |   4 |  766.8 |
               +--------+--------+--------+--------+--------+-----+--------+

Top non-repeatable levels by time:
     D:1: 1332 daAuts
     D:3: 1001 daAuts
     D:2: 546 daAuts
     D:4: 187 daAuts
